[Event "Titled Tuesday Blitz March 21 Late 2023"]
[White "Svane, Frederik"]
[Black "Carlsen, Magnus"]
[WhiteFideId "12923044"]
[BlackFideId "1503014"]
[WhiteElo "2502"]
[BlackElo "2852"]
[Result "1/2-1/2"]
[Round "05"]
[TimeControl "180+2"]
[Date "2023.03.21"]
[WhiteClock "0:00:04"]
[BlackClock "0:00:05"]

1. e4 g6 2. d4 d6 3. Nf3 Nf6 4. Nc3 Bg7 5. Be2 O-O 6. O-O e6 7. Be3 a6 8. a4 b6 9. e5 dxe5 10. Nxe5 Bb7 11. Bf3 Qc8 12. Re1 Rd8 13. Qe2 Nbd7 14. Rad1 Nxe5 15. dxe5 Nd5 16. Nxd5 Bxd5 17. Bxd5 Rxd5 18. Rxd5 exd5 19. f4 Qe6 20. Qd3 c5 21. c3 Qc6 22. Rd1 d4 23. cxd4 cxd4 24. Qxd4 Bf8 25. Qd5 Qxa4 26. e6 Ra7 27. Bxb6 fxe6 28. Qxe6+ Rf7 29. b3 Qxf4 30. Be3 Qf5 31. Qxa6 Bc5 32. Rd8+ Kg7 33. Qa1+ Rf6 34. Bxc5 Qxc5+ 35. Kh1 Qa3 36. Rd1 Qxb3 37. Rd7+ Kh6 38. Qc1+ g5 39. h4 Qb5 40. hxg5+ Kg6 41. Qc2+ Qf5 42. Rg7+ Kxg7 43. gxf6+ Qxf6 44. Qe2 Qh4+ 45. Kg1 1/2-1/2


[Site "https://www.chess.com"]

[Event "Titled Tuesday Blitz March 21 Late 2023"]
[White "Movahed, Sina"]
[Black "Bortnyk, Olexandr"]
[WhiteFideId "42520835"]
[BlackFideId "14120828"]
[WhiteElo "2225"]
[BlackElo "2734"]
[Result "1-0"]
[Round "05"]
[TimeControl "180+2"]
[Date "2023.03.21"]
[WhiteClock "0:00:57"]
[BlackClock "0:00:36"]

1. Nf3 Nf6 2. c4 b6 3. d4 Bb7 4. g3 g6 5. Bg2 Bg7 6. O-O O-O 7. Nc3 Ne4 8. Bd2 Re8 9. Qc2 Nxd2 10. Qxd2 d6 11. d5 c5 12. Rad1 Nd7 13. b3 a6 14. e4 b5 15. Rfe1 Qa5 16. Rc1 Reb8 17. Qe3 bxc4 18. bxc4 Bc8 19. Rc2 Ne5 20. Nd2 Rb4 21. Qe2 Rab8 22. h3 Rb2 23. Rec1 Rxc2 24. Rxc2 Rb4 25. f4 Nd7 26. Kh2 Bxc3 27. Rxc3 Qxa2 28. Qe3 Nb6 29. e5 Kf8 30. exd6 exd6 31. f5 Bxf5 32. Qh6+ Kg8 33. Re3 Bd7 34. Ne4 Qb2 35. Qh4 1-0


[Site "https://www.chess.com"]

[Event "Titled Tuesday Blitz March 21 Late 2023"]
[White "Plat, Vojtech"]
[Black "Bok, Benjamin"]
[WhiteFideId "325740"]
[BlackFideId "1017063"]
[WhiteElo "2542"]
[BlackElo "2658"]
[Result "0-1"]
[Round "05"]
[TimeControl "180+2"]
[Date "2023.03.21"]
[WhiteClock "0:00:04"]
[BlackClock "0:00:15"]

1. e4 c5 2. Nf3 d6 3. c3 Nf6 4. Bc4 Nc6 5. Qe2 Bg4 6. d3 e6 7. Bb3 Be7 8. h3 Bh5 9. Bf4 O-O 10. Nbd2 d5 11. g4 Bg6 12. e5 Nd7 13. h4 b5 14. Bxd5 exd5 15. h5 c4 16. hxg6 fxg6 17. Bg3 Nc5 18. dxc4 dxc4 19. O-O Qd5 20. Rad1 Nd3 21. b3 Rad8 22. bxc4 bxc4 23. Ne4 Rde8 24. Qe3 Bd8 25. Kg2 Bb6 26. Qe2 Qd7 27. Nfg5 Ncxe5 28. Rh1 h6 29. Rh2 Nxg4 30. Rh4 Ngxf2 31. Bxf2 Rxf2+ 32. Qxf2 Bxf2 33. Nxf2 hxg5 34. Rxc4 Qd5+ 0-1


[Site "https://www.chess.com"]

[Event "Titled Tuesday Blitz March 21 Late 2023"]
[White "Moussard, Jules"]
[Black "Sjugirov, Sanan"]
[WhiteFideId "642908"]
[BlackFideId "4189302"]
[WhiteElo "2610"]
[BlackElo "2569"]
[Result "0-1"]
[Round "05"]
[TimeControl "180+2"]
[Date "2023.03.21"]
[WhiteClock "0:00:02"]
[BlackClock "0:00:07"]

1. e4 e6 2. d4 d5 3. e5 c5 4. c3 Qb6 5. Nf3 Nc6 6. Be2 Nge7 7. dxc5 Qxc5 8. b4 Qb6 9. b5 Na5 10. O-O Nf5 11. Bd3 Bc5 12. Nbd2 O-O 13. Nb3 Nxb3 14. axb3 Qd8 15. Qe2 Bd7 16. Ba3 Qe7 17. Bxc5 Qxc5 18. c4 dxc4 19. bxc4 a5 20. Be4 Rfb8 21. Rfd1 Be8 22. Qc2 h6 23. Rd2 Ne7 24. h4 Kf8 25. g3 Ra7 26. Kg2 b6 27. Rd6 Rc7 28. Qd2 Qxc4 29. Rd4 Qc5 30. Ra2 Rbc8 31. Rc2 Qxb5 32. Rxc7 Rxc7 33. Rd8 Rd7 34. Rxd7 Qxd7 35. Qb2 Qb5 36. Qd4 Nd5 37. Bxd5 Qxd5 38. Qxb6 Bc6 39. Qb8+ Ke7 40. Qa7+ Bb7 0-1


[Site "https://www.chess.com"]

[Event "Titled Tuesday Blitz March 21 Late 2023"]
[White "Zakhartsov, Vladimir"]
[Black "Kramnik, Vladimir"]
[WhiteFideId "4145097"]
[BlackFideId "4101588"]
[WhiteElo "2521"]
[BlackElo "2712"]
[Result "0-1"]
[Round "05"]
[TimeControl "180+2"]
[Date "2023.03.21"]
[WhiteClock "0:00:04"]
[BlackClock "0:00:03"]

1. e4 c5 2. Nf3 e6 3. c3 d5 4. exd5 exd5 5. d4 Nf6 6. Bb5+ Bd7 7. Bxd7+ Nbxd7 8. O-O Be7 9. dxc5 Nxc5 10. Be3 O-O 11. Re1 Re8 12. Nbd2 Nd3 13. Rf1 Nxb2 14. Qb3 Nd3 15. Qxb7 Bc5 16. Bxc5 Nxc5 17. Qb4 Rc8 18. Rfd1 Qc7 19. Qa3 Nd3 20. Nf1 Nf4 21. Nd4 Ne4 22. Ng3 Nxc3 23. Re1 Qc4 24. Ndf5 Nce2+ 25. Kh1 Nxg3+ 26. hxg3 Nd3 27. Ne7+ Rxe7 28. Rxe7 Nxf2+ 29. Kg1 Ng4 30. Qxa7 h5 31. Rae1 Qc3 32. Qb6 Qxg3 33. Re8+ Rxe8 34. Rxe8+ Kh7 35. Qb1+ g6 36. Qf1 Qh2# 0-1


[Site "https://www.chess.com"]

[Event "Titled Tuesday Blitz March 21 Late 2023"]
[White "Vasquez Schroeder, Rodrigo"]
[Black "Holt, Conrad"]
[WhiteFideId "3400042"]
[BlackFideId "2034387"]
[WhiteElo "2600"]
[BlackElo "2592"]
[Result "1-0"]
[Round "05"]
[TimeControl "180+2"]
[Date "2023.03.21"]
[WhiteClock "0:00:19"]
[BlackClock "0:00:05"]

1. e4 e6 2. d4 d5 3. Nc3 Nf6 4. e5 Nfd7 5. Nce2 c5 6. f4 Nc6 7. c3 b5 8. a3 b4 9. axb4 cxb4 10. Nf3 Nb6 11. f5 exf5 12. Nf4 Bd7 13. Bb5 Nxe5 14. Qe2 Bxb5 15. Qxb5+ Ned7 16. Nxd5 bxc3 17. bxc3 Bd6 18. Nxb6 Qxb6 19. Qxf5 Qc6 20. O-O O-O 21. c4 Nf6 22. Qd3 Rfe8 23. Bb2 Qe4 24. Qxe4 Rxe4 25. Rfe1 Rxe1+ 26. Nxe1 a5 27. Nd3 Kf8 28. Bc3 a4 29. Bb4 Bxb4 30. Nxb4 Ne4 31. Nc2 Nd2 32. Na3 Nb3 33. Rd1 Ke7 34. Kf2 Kd6 35. Ke3 Rb8 36. Kd3 Re8 37. Nb5+ Kc6 38. Rb1 Kb6 39. Nc3 Ka5 40. Rb2 Kb4 41. Nd5+ Ka3 42. Rc2 Na1 43. Rc3+ Nb3 44. c5 Kb2 45. Rc2+ Kb1 46. Nc3+ Ka1 47. Ra2# 1-0


[Site "https://www.chess.com"]

[Event "Titled Tuesday Blitz March 21 Late 2023"]
[White "Andreikin, Dmitry"]
[Black "Ashraf, Artin"]
[WhiteFideId "4158814"]
[BlackFideId "22514805"]
[WhiteElo "2736"]
[BlackElo "2188"]
[Result "1-0"]
[Round "05"]
[TimeControl "180+2"]
[Date "2023.03.21"]
[WhiteClock "0:01:16"]
[BlackClock "0:01:11"]

1. d4 d5 2. c4 e6 3. Nc3 a6 4. cxd5 exd5 5. Qb3 c6 6. Nf3 Nf6 7. Bg5 Be7 8. e3 O-O 9. Bd3 Ne8 10. Bf4 Bd6 11. O-O Bxf4 12. exf4 Nd6 13. Rfe1 Nd7 14. h3 Nf6 15. Ne5 Rb8 16. Nxc6 bxc6 17. Qxb8 Nb5 18. Nxb5 axb5 19. a4 Qa5 20. axb5 Qd2 21. Red1 Qxb2 22. Rab1 Qc3 23. Qc7 Bd7 24. b6 Rc8 25. Qa7 1-0


[Site "https://www.chess.com"]

[Event "Titled Tuesday Blitz March 21 Late 2023"]
[White "Rasulov, Vugar"]
[Black "Sargsyan, Shant"]
[WhiteFideId "13402390"]
[BlackFideId "13306766"]
[WhiteElo "2509"]
[BlackElo "2628"]
[Result "1-0"]
[Round "05"]
[TimeControl "180+2"]
[Date "2023.03.21"]
[WhiteClock "0:00:58"]
[BlackClock "0:00:22"]

1. d4 g6 2. c4 Nf6 3. Nf3 Bg7 4. g3 O-O 5. Bg2 c6 6. O-O d5 7. b3 Ne4 8. Bb2 Bf5 9. Nc3 Nd7 10. cxd5 Nxc3 11. Bxc3 cxd5 12. Rc1 Be4 13. Bh3 Bxf3 14. exf3 e6 15. Qd2 Rc8 16. Rc2 Nb8 17. Rfc1 Nc6 18. Bf1 Qb6 19. Kg2 Nxd4 20. Ba5 Rxc2 21. Rxc2 Qd6 22. Bb4 Qd8 23. Bxf8 Qxf8 24. Rc7 Qb8 25. Rc1 h5 26. h4 Nf5 27. Qc2 Qe5 28. Qc7 Qb2 29. Rc2 Qb1 30. Bd3 Qd1 31. Bxf5 gxf5 32. Qd8+ Kh7 33. Rc8 Qd2 34. Qg8+ Kg6 35. Rc7 Qh6 36. Qxf7+ Kh7 37. Rxb7 d4 38. Rxa7 d3 39. Rd7 d2 40. Kf1 f4 41. Qxg7+ Qxg7 42. Rxg7+ Kxg7 43. Ke2 fxg3 44. fxg3 1-0


[Site "https://www.chess.com"]

[Event "Titled Tuesday Blitz March 21 Late 2023"]
[White "Svane, Rasmus"]
[Black "Galaktionov, Artem"]
[WhiteFideId "4657101"]
[BlackFideId "24175471"]
[WhiteElo "2597"]
[BlackElo "2340"]
[Result "1-0"]
[Round "05"]
[TimeControl "180+2"]
[Date "2023.03.21"]
[WhiteClock "0:00:28"]
[BlackClock "0:00:03"]

1. Nf3 c6 2. g3 g6 3. Bg2 Bg7 4. O-O Nf6 5. c4 O-O 6. d4 d6 7. Nc3 Nbd7 8. e4 e5 9. Be3 a5 10. h3 exd4 11. Nxd4 Nc5 12. Qc2 a4 13. Rad1 Qa5 14. Rfe1 Re8 15. Bf4 Rd8 16. Nde2 Bf8 17. Bd2 Qb6 18. Nc1 Be6 19. b3 axb3 20. axb3 Ra3 21. Nb1 Raa8 22. Bc3 Bg7 23. Qb2 Ne8 24. Bxg7 Nxg7 25. Rd2 Ne8 26. Kh2 Ra7 27. f4 Rda8 28. g4 Bd7 29. e5 dxe5 30. Rxe5 Be6 31. f5 Qc7 32. Kh1 Nd7 33. Re1 gxf5 34. gxf5 Bxf5 35. Nc3 Nef6 36. Rf2 Bg6 37. Nd1 Nh5 38. Ne3 Qe5 39. Qd2 Ng3+ 40. Kg1 Qc7 41. Ng4 Rd8 42. Re7 Ra1 43. Nh6+ Kg7 44. Nxf7 1-0


[Site "https://www.chess.com"]

[Event "Titled Tuesday Blitz March 21 Late 2023"]
[White "Sanal, Vahap"]
[Black "Van Foreest, Jorden"]
[WhiteFideId "6300545"]
[BlackFideId "1039784"]
[WhiteElo "2606"]
[BlackElo "2633"]
[Result "0-1"]
[Round "05"]
[TimeControl "180+2"]
[Date "2023.03.21"]
[WhiteClock "0:00:04"]
[BlackClock "0:00:18"]

1. e4 e5 2. Nf3 Nc6 3. Bc4 Bc5 4. d3 d6 5. c3 h6 6. O-O Bb6 7. d4 Bg4 8. Be3 Qf6 9. Nbd2 exd4 10. cxd4 Bxd4 11. Qb3 Bb6 12. e5 dxe5 13. Ne4 Qg6 14. Nh4 Qh5 15. Bc5 Nge7 16. h3 Bd7 17. Qg3 O-O-O 18. Bxb6 axb6 19. Qa3 Qxh4 20. Rfe1 Kb8 21. b4 Nd4 22. Rac1 Bc6 23. Ng3 b5 24. Bf1 Qf4 25. Rc3 Rd6 26. Qa5 b6 27. Qa6 Bb7 28. Qa3 Rhd8 29. Rec1 Nd5 30. Rd3 h5 31. Re1 h4 32. Ne4 Rg6 33. Nd2 Nc2 34. Qb2 Nxe1 0-1


[Site "https://www.chess.com"]

[Event "Titled Tuesday Blitz March 21 Late 2023"]
[White "Maghsoodloo, Parham"]
[Black "Pakleza, Zbigniew"]
[WhiteFideId "12539929"]
[BlackFideId "1119290"]
[WhiteElo "2647"]
[BlackElo "2410"]
[Result "1-0"]
[Round "05"]
[TimeControl "180+2"]
[Date "2023.03.21"]
[WhiteClock "0:00:27"]
[BlackClock "0:00:01"]

1. d4 d6 2. e4 Nf6 3. Nc3 c6 4. a4 a5 5. h3 Nbd7 6. Nf3 e5 7. Bc4 Be7 8. O-O O-O 9. Re1 h6 10. b3 Re8 11. Ba3 Qc7 12. Qd2 Nf8 13. Rad1 Ng6 14. Bf1 Nh7 15. g3 Ng5 16. Nxg5 Bxg5 17. Qd3 Bf6 18. dxe5 dxe5 19. Qe3 Bg5 20. Qf3 Be7 21. Bxe7 Qxe7 22. h4 Be6 23. Qe3 Qb4 24. Na2 Qa3 25. Nc1 Nf8 26. Qc3 Bg4 27. f3 Bc8 28. Nd3 Qe7 29. Rd2 Kh7 30. Red1 f6 31. Qc5 Ne6 32. Qxe7 Rxe7 33. c3 b5 34. Bh3 bxa4 35. bxa4 Rb8 36. Bxe6 Bxe6 37. Nc5 Bc4 38. Rd8 Rb2 39. R8d2 Rb8 40. h5 g6 41. Rd7 Re8 42. Rxe7+ Rxe7 43. Rd7 Rxd7 44. Nxd7 gxh5 45. Nxf6+ Kg7 46. Nd7 Bb3 47. Nc5 1-0


[Site "https://www.chess.com"]

[Event "Titled Tuesday Blitz March 21 Late 2023"]
[White "Durarbayli, Vasif"]
[Black "Wagner, Dennis"]
[WhiteFideId "13402935"]
[BlackFideId "24650684"]
[WhiteElo "2543"]
[BlackElo "2470"]
[Result "0-1"]
[Round "05"]
[TimeControl "180+2"]
[Date "2023.03.21"]
[WhiteClock "0:00:05"]
[BlackClock "0:00:05"]

1. e4 e5 2. Nf3 Nc6 3. d4 exd4 4. Nxd4 Nf6 5. Nxc6 bxc6 6. e5 Qe7 7. Qe2 Nd5 8. h4 Qe6 9. Nd2 a5 10. Nf3 Nb4 11. Bf4 Qf5 12. Qd2 Nxc2+ 13. Kd1 Nxa1 14. Bd3 Qe6 15. Ke2 Qxa2 16. Bb1 Qc4+ 17. Bd3 Qa2 18. Bb1 Ba6+ 19. Ke3 Bc5+ 20. Nd4 Qb3+ 21. Qc3 a4 22. Rc1 Bxd4+ 23. Kxd4 Qb6+ 24. Ke4 Qxf2 25. Bg3 Qxg2+ 26. Kf4 Nb3 27. Rd1 Be2 28. Be4 Qh3 29. Bf5 Qxf5+ 30. Kxf5 Bxd1 31. Kf4 h5 32. e6 fxe6 33. Qxg7 Rf8+ 34. Ke3 Rf3+ 35. Ke4 O-O-O 36. Bf4 d6 37. Qg6 Nc5+ 38. Kd4 Rxf4+ 39. Kc3 Rf3+ 40. Kb4 Rb3+ 41. Kc4 Be2+ 42. Kd4 e5# 0-1


[Site "https://www.chess.com"]

[Event "Titled Tuesday Blitz March 21 Late 2023"]
[White "Klekowski, Maciej"]
[Black "Zhigalko, Sergei"]
[WhiteFideId "1132717"]
[BlackFideId "13502956"]
[WhiteElo "2540"]
[BlackElo "2626"]
[Result "1-0"]
[Round "05"]
[TimeControl "180+2"]
[Date "2023.03.21"]
[WhiteClock "0:00:20"]
[BlackClock "0:00:11"]

1. c4 e5 2. Nc3 Nf6 3. g3 c6 4. Nf3 d6 5. Bg2 Be7 6. O-O O-O 7. e4 c5 8. d3 Nc6 9. h3 a6 10. a3 Rb8 11. Rb1 b5 12. cxb5 axb5 13. b4 cxb4 14. axb4 Re8 15. Bg5 Be6 16. d4 Bc4 17. Re1 h6 18. Be3 exd4 19. Nxd4 Nxd4 20. Qxd4 Nd7 21. Nd5 Ne5 22. Red1 Bf8 23. f4 Nc6 24. Qd2 Qd7 25. Nb6 Qc7 26. Nxc4 bxc4 27. b5 Nd8 28. b6 Qc8 29. Rdc1 Nb7 30. Qd5 Nc5 31. Rxc4 Qa6 32. Rcb4 Qa3 33. Bxc5 dxc5 34. R4b3 Qa6 35. Bf1 Qc8 36. Bc4 Kh8 37. Qxf7 Bd6 38. Qf5 Qb7 39. e5 Bxe5 40. fxe5 Rf8 41. Qg6 Qd7 42. Bd3 Qd4+ 43. Kh1 Kg8 44. Qh7+ Kf7 45. Rf1+ Ke8 46. Rxf8+ Ke7 47. Rf1 Qd5+ 48. Qe4 Qxb3 49. e6 Qxe6 50. Qxe6+ Kxe6 51. Rb1 Kd5 52. Bf1 Kd4 53. Bg2 h5 54. b7 h4 55. Ra1 hxg3 56. Ra8 Rxb7 57. Bxb7 c4 58. Bg2 c3 59. Rc8 Kd3 60. Bf3 Kd2 61. Kg2 c2 62. Kxg3 c1=Q 63. Rxc1 Kxc1 64. Kg4 Kd2 65. Kg5 Ke3 66. Bg4 Ke4 67. Kg6 Kf4 68. Kxg7 Kg5 69. Kh7 Kf6 70. h4 Kf7 71. h5 Kf6 72. h6 Kf7 73. Bh5+ Kf8 74. Kh8 Ke7 75. Kg7 Ke6 76. h7 Ke5 77. h8=Q Kf4 78. Qf8+ Kg5 79. Qf6+ Kxh5 80. Qg6+ Kh4 81. Kf6 Kh3 82. Kf5 Kh2 83. Kf4 Kh1 84. Kf3 Kh2 85. Qg2# 1-0


[Site "https://www.chess.com"]

[Event "Titled Tuesday Blitz March 21 Late 2023"]
[White "Postny, Evgeny"]
[Black "Erigaisi Arjun"]
[WhiteFideId "2804344"]
[BlackFideId "35009192"]
[WhiteElo "2509"]
[BlackElo "2737"]
[Result "0-1"]
[Round "05"]
[TimeControl "180+2"]
[Date "2023.03.21"]
[WhiteClock "0:00:09"]
[BlackClock "0:00:16"]

1. e4 d6 2. d4 g6 3. c4 Bg7 4. Nc3 Nc6 5. d5 Bxc3+ 6. bxc3 Na5 7. c5 dxc5 8. c4 Nf6 9. Bb2 O-O 10. e5 Nh5 11. Qd2 c6 12. Be2 Ng7 13. Nf3 b5 14. O-O Bg4 15. e6 f6 16. Rad1 Bxf3 17. gxf3 Nxc4 18. Bxc4 bxc4 19. dxc6 Qb6 20. Ba3 Qxc6 21. Qd7 Qxf3 22. Bxc5 Nf5 23. Qd5 Qxd5 24. Rxd5 Rfc8 25. Rc1 Rc6 26. Rxc4 Rxe6 27. Bb4 Kf7 28. Rd7 a5 29. Ba3 Rb8 30. Rc5 Nh4 31. Rd1 Rd8 32. Rb1 Rd2 33. Rxa5 Rxa2 34. Bb4 Rc2 35. Rc5 Ra2 36. Ra5 Rae2 37. Ra7 g5 38. Bc5 h5 39. h3 Ng6 40. Be3 R2xe3 41. fxe3 Rxe3 42. Kh2 Nf4 43. h4 Rh3+ 44. Kg1 Rxh4 45. Re1 Ng6 46. Kg2 Rg4+ 47. Kf3 Rf4+ 48. Kg3 h4+ 49. Kg2 g4 50. Re3 f5 51. Rb7 Rd4 52. Ra7 h3+ 53. Kh2 f4 54. Re2 f3 55. Rb2 Nh4 56. Ra5 Kf6 57. Kg3 Nf5+ 58. Kh2 e6 59. Rba2 Re4 60. Ra8 Re2+ 61. Rxe2 fxe2 62. Ra1 Nd4 63. Kg3 Nc2 0-1


[Site "https://www.chess.com"]

[Event "Titled Tuesday Blitz March 21 Late 2023"]
[White "Fedoseev, Vladimir"]
[Black "Yuan, Qingyu"]
[WhiteFideId "24130737"]
[BlackFideId "8609772"]
[WhiteElo "2752"]
[BlackElo "2359"]
[Result "1-0"]
[Round "05"]
[TimeControl "180+2"]
[Date "2023.03.21"]
[WhiteClock "0:01:45"]
[BlackClock "0:00:21"]

1. e4 e5 2. Nf3 Nc6 3. Bb5 Nf6 4. d3 Bc5 5. c3 d5 6. Nbd2 dxe4 7. dxe4 O-O 8. O-O a5 9. Qe2 Qe7 10. a4 Nb8 11. Nb3 Bb6 12. Bg5 c6 13. Bc4 Bg4 14. h3 Bh5 15. g4 Bg6 16. Nh4 Nbd7 17. Rad1 Qe8 18. Nxg6 hxg6 19. Kg2 Nc5 20. Bxf6 gxf6 21. Qe3 Kh7 22. Nxc5 Qe7 23. b4 axb4 24. cxb4 Bxc5 25. Qxc5 Qxc5 26. bxc5 Rxa4 27. Rc1 Rd8 28. Bxf7 Rxe4 29. Rfd1 Red4 30. Rxd4 Rxd4 31. Rb1 Rd7 32. Be6 Rc7 33. Rd1 Kh6 34. Rd7 Rxd7 35. Bxd7 Kg5 36. Bc8 b6 37. cxb6 1-0


[Site "https://www.chess.com"]

[Event "Titled Tuesday Blitz March 21 Late 2023"]
[White "Paravyan, David"]
[Black "Mahdavi, Reza"]
[WhiteFideId "4194985"]
[BlackFideId "12595926"]
[WhiteElo "2577"]
[BlackElo "2208"]
[Result "1-0"]
[Round "05"]
[TimeControl "180+2"]
[Date "2023.03.21"]
[WhiteClock "0:00:50"]
[BlackClock "0:00:07"]

1. Nf3 Nf6 2. c4 g6 3. Nc3 Bg7 4. e4 d6 5. d4 O-O 6. Be2 Nbd7 7. O-O e5 8. Be3 Re8 9. d5 Nh5 10. g3 Bf8 11. Nh4 Nf4 12. Bf3 Nh3+ 13. Kh1 Be7 14. Ng2 Ng5 15. Be2 h5 16. b4 Nh7 17. Rg1 Ndf6 18. f3 a5 19. a3 c6 20. Qd2 cxd5 21. cxd5 Bh3 22. Bb5 Nd7 23. Ne1 axb4 24. Na4 bxa3 25. Nd3 Qa5 26. Rgb1 Rec8 27. Nf2 Qxd2 28. Bxd2 Rc2 29. Nxh3 Rxd2 30. Bxd7 Nf6 31. Bb5 Rc8 32. Rxa3 Rcc2 33. Bf1 Rxh2+ 34. Kg1 Bd8 35. Rc3 Ra2 36. Rc8 Kg7 37. Rxd8 Rhc2 38. Nb6 Nh7 39. Nc8 g5 40. Nxd6 g4 41. Nf5+ Kg6 42. Rb6+ f6 43. Rd7 1-0


[Site "https://www.chess.com"]

[Event "Titled Tuesday Blitz March 21 Late 2023"]
[White "Santos Ruiz, Miguel"]
[Black "Firouzja, Alireza"]
[WhiteFideId "22291482"]
[BlackFideId "12573981"]
[WhiteElo "2504"]
[BlackElo "2904"]
[Result "0-1"]
[Round "05"]
[TimeControl "180+2"]
[Date "2023.03.21"]
[WhiteClock "0:00:06"]
[BlackClock "0:00:55"]

1. e4 e6 2. d4 d5 3. Nd2 Nc6 4. Ngf3 Nf6 5. e5 Ne4 6. Bd3 f5 7. c3 Be7 8. O-O O-O 9. Bc2 b6 10. Ne1 Ba6 11. Bd3 Bxd3 12. Nxd3 Qd7 13. Qe2 Nd8 14. Nxe4 fxe4 15. Nf4 Bg5 16. Nh3 Bxc1 17. Raxc1 Nc6 18. f3 exf3 19. Rxf3 Rxf3 20. Qxf3 Rf8 21. Qe2 Ne7 22. Rf1 Rxf1+ 23. Qxf1 c5 24. Ng5 Nf5 25. g4 Ne3 26. Qf4 Nc4 27. b3 Na5 28. h4 Nc6 29. h5 cxd4 30. cxd4 Qe7 31. Nf3 h6 32. Kg2 Qa3 33. Qd2 Nb4 34. Kg3 Nc6 35. g5 Ne7 36. Nh4 hxg5 37. Qxg5 Kf7 38. h6 gxh6 39. Qf6+ Ke8 40. Qxe6 Qc1 41. Nf3 Qe3 42. Qf6 Qe4 43. e6 Nf5+ 44. Kh2 Qf4+ 45. Kg2 Qg3+ 46. Kf1 Qxf3+ 47. Ke1 Qe4+ 48. Kf1 Ne3+ 49. Kg1 Qg2# 0-1


[Site "https://www.chess.com"]

[Event "Titled Tuesday Blitz March 21 Late 2023"]
[White "Manukyan, Sargis A."]
[Black "Alekseenko, Kirill"]
[WhiteFideId "13303970"]
[BlackFideId "4135539"]
[WhiteElo "2187"]
[BlackElo "2683"]
[Result "0-1"]
[Round "05"]
[TimeControl "180+2"]
[Date "2023.03.21"]
[WhiteClock "0:01:12"]
[BlackClock "0:00:08"]

1. d4 d5 2. c4 dxc4 3. e4 Nf6 4. e5 Nd5 5. Bxc4 Nb6 6. Bb3 Nc6 7. Ne2 Bf5 8. Nbc3 e6 9. O-O Qd7 10. Be3 O-O-O 11. Qc1 Kb8 12. Rd1 Nb4 13. f3 N4d5 14. Bf2 h5 15. Ne4 Be7 16. Nc5 Qc8 17. a4 Nd7 18. a5 a6 19. Nc3 Nxc5 20. dxc5 Nb4 21. Qf4 Nd3 22. Rxd3 Rxd3 23. Bc4 g5 24. Qc1 Rhd8 25. c6 bxc6 26. Ne4 Rd1+ 27. Qxd1 Rxd1+ 28. Rxd1 Bxe4 29. fxe4 Qb7 30. Rd3 Ka8 31. Rb3 Qc8 32. g3 Qf8 33. Bxa6 Bc5 34. Bb7+ Ka7 35. a6 Bxf2+ 36. Kxf2 Qc5+ 37. Re3 g4 38. Ke2 Qc2+ 39. Ke1 Qc1+ 40. Kf2 Qxb2+ 41. Re2 Qxe5 42. Rc2 Qd4+ 43. Kf1 Qd1+ 44. Kf2 Qxc2+ 45. Ke3 Qc3+ 46. Kf4 Qf6+ 47. Ke3 e5 48. h4 Qf3+ 49. Kd2 Qxe4 50. Bxc6 Qxc6 51. Ke3 Qf3+ 52. Kd2 Qxg3 0-1


[Site "https://www.chess.com"]

[Event "Titled Tuesday Blitz March 21 Late 2023"]
[White "Makhnev, Denis"]
[Black "Bashirli, Nail"]
[WhiteFideId "13707647"]
[BlackFideId "13406809"]
[WhiteElo "2525"]
[BlackElo "2338"]
[Result "0-1"]
[Round "05"]
[TimeControl "180+2"]
[Date "2023.03.21"]
[WhiteClock "0:00:20"]
[BlackClock "0:00:34"]

1. d4 Nf6 2. c4 e6 3. Nf3 Bb4+ 4. Bd2 Qe7 5. e3 O-O 6. Bd3 Bxd2+ 7. Qxd2 d6 8. Nc3 e5 9. Bc2 Bg4 10. O-O-O Nc6 11. h3 Bd7 12. g4 e4 13. Ng5 d5 14. cxd5 Nb4 15. Ngxe4 Nxe4 16. Bxe4 Nxa2+ 17. Nxa2 Qxe4 18. Nc3 Qe7 19. e4 a5 20. Kb1 a4 21. Ka1 b5 22. e5 b4 23. d6 Qe6 24. Ne4 a3 25. b3 cxd6 26. Nxd6 Qxb3 27. Rb1 Qd5 28. Qxb4 Be6 29. Qd2 Rfb8 30. Rxb8+ Rxb8 31. Rb1 Rxb1+ 32. Kxb1 a2+ 33. Kb2 Qb3+ 0-1


[Site "https://www.chess.com"]

[Event "Titled Tuesday Blitz March 21 Late 2023"]
[White "Beerdsen, Thomas"]
[Black "Makarian, Rudik"]
[WhiteFideId "1030108"]
[BlackFideId "44105681"]
[WhiteElo "2547"]
[BlackElo "2436"]
[Result "0-1"]
[Round "05"]
[TimeControl "180+2"]
[Date "2023.03.21"]
[WhiteClock "0:00:58"]
[BlackClock "0:00:23"]

1. e4 c5 2. Nf3 Nc6 3. Bc4 e6 4. O-O a6 5. c3 d5 6. exd5 exd5 7. Bb3 Nf6 8. d4 h6 9. Re1+ Be6 10. Bf4 Be7 11. h3 O-O 12. Nbd2 Re8 13. Nf1 Qb6 14. Ng3 cxd4 15. cxd4 Rac8 16. Rc1 Na5 17. Bc2 Nc4 18. b3 Na3 19. Bd3 Nb5 20. Qd2 Bf8 21. Be5 Nd7 22. Nh5 Nxe5 23. dxe5 Rxc1 24. Rxc1 Rc8 25. Rxc8 Bxc8 26. Qf4 Nc7 27. Nh4 Qb4 28. Qg3 Ne8 29. f4 Qd4+ 30. Kh2 Bc5 31. Qf3 Qg1+ 32. Kg3 Qe1+ 33. Kh2 Bg1+ 34. Kh1 Bf2+ 35. Kh2 Qg1# 0-1


[Site "https://www.chess.com"]

[Event "Titled Tuesday Blitz March 21 Late 2023"]
[White "Gadimbayli, Abdulla"]
[Black "Martinez Alcantara, Jose Eduardo"]
[WhiteFideId "13404938"]
[BlackFideId "3805662"]
[WhiteElo "2390"]
[BlackElo "2712"]
[Result "0-1"]
[Round "05"]
[TimeControl "180+2"]
[Date "2023.03.21"]
[WhiteClock "0:00:04"]
[BlackClock "0:00:21"]

1. e4 c5 2. Nf3 d6 3. d4 cxd4 4. Nxd4 Nf6 5. Nc3 a6 6. g3 e5 7. Nf3 Be7 8. Bg2 O-O 9. O-O Nbd7 10. Nh4 g6 11. Bh6 Re8 12. Nf3 Nc5 13. Re1 Bd7 14. h3 Rc8 15. Nd2 b5 16. a3 Qc7 17. Bg5 Bc6 18. Bxf6 Bxf6 19. Nf1 Bg5 20. Qg4 Bh6 21. Rad1 Rcd8 22. Nh2 Ne6 23. Qe2 Nd4 24. Qd3 Bg7 25. Ng4 f5 26. exf5 gxf5 27. Ne3 Bxg2 28. Kxg2 Qf7 29. Ned5 e4 30. Qd2 Nf3 31. Qf4 Nxe1+ 32. Rxe1 Bxc3 33. Nxc3 d5 34. Rd1 d4 35. Ne2 d3 36. cxd3 exd3 37. Nd4 Qd5+ 38. Nf3 Kh8 39. Kh2 Qe4 40. Qg5 Qxf3 41. Qf6+ Kg8 42. Qg5+ Kf7 43. Rd2 Re1 0-1


[Site "https://www.chess.com"]

[Event "Titled Tuesday Blitz March 21 Late 2023"]
[White "Fernandez Guillen, Ernesto J."]
[Black "Terry, Renato"]
[WhiteFideId "3512428"]
[BlackFideId "3803457"]
[WhiteElo "2423"]
[BlackElo "2579"]
[Result "1-0"]
[Round "05"]
[TimeControl "180+2"]
[Date "2023.03.21"]
[WhiteClock "0:00:40"]
[BlackClock "0:01:17"]

1. e4 e6 2. Nf3 d5 3. Nc3 Nf6 4. e5 Nfd7 5. d4 a6 6. Ne2 c5 7. c3 b5 8. h4 Nc6 9. Nf4 b4 10. Bd3 bxc3 11. bxc3 cxd4 12. cxd4 Bb4+ 13. Kf1 Bc3 14. Ba3 Qa5 15. Bd6 Bxa1 16. Qxa1 Nb4 17. Bb1 Nb6 18. a3 Nc6 19. h5 h6 20. Bd3 Nc4 21. Bxc4 1-0


[Site "https://www.chess.com"]

[Event "Titled Tuesday Blitz March 21 Late 2023"]
[White "Maatman, Nick"]
[Black "Steinberg, Nitzan"]
[WhiteFideId "1040391"]
[BlackFideId "2801795"]
[WhiteElo "2708"]
[BlackElo "2486"]
[Result "0-1"]
[Round "05"]
[TimeControl "180+2"]
[Date "2023.03.21"]
[WhiteClock "0:00:05"]
[BlackClock "0:00:04"]

1. d4 Nf6 2. c4 g6 3. Nc3 Bg7 4. e4 d6 5. Nf3 O-O 6. Be2 Nbd7 7. O-O e5 8. Qc2 Re8 9. d5 a5 10. Bg5 Rf8 11. Nd2 c6 12. h3 Qc7 13. Rac1 Nc5 14. Rfd1 h6 15. Bh4 Nh7 16. dxc6 bxc6 17. Nb3 Ne6 18. c5 dxc5 19. Na4 Nd4 20. Qd2 Ng5 21. Naxc5 Qe7 22. Nxd4 exd4 23. Bg3 Rd8 24. Bd3 Bxh3 25. f4 Ne6 26. Nxe6 Bxe6 27. Rxc6 Bxa2 28. f5 g5 29. e5 Bxe5 30. Re1 Rd5 31. Rxh6 f6 32. Bxe5 Rxe5 33. Rxe5 Qxe5 34. Qc2 Bd5 35. Rg6+ Kf7 36. Qc5 Qe3+ 37. Kh2 Rh8+ 38. Rh6 Rxh6# 0-1


[Site "https://www.chess.com"]